PAAA
BAKERSFIELD NOBLES @ NAPERVILLE BATTLEKINGS
07/14/2024
 
TOP OF THE 1ST
Bakersfield Nobles batting - Pitching for Naperville Battlekings : RHP Willis Parker
Pitching: RHP Willis Parker
Batting: RHB Jason Ruffin 0-0: Ball
1-0: Ball
2-0: Called Strike
2-1: Called Strike
2-2: Strikes out swinging
Batting: RHB Arlen Joysey 0-0: Called Strike
0-1: Called Strike
0-2: Ball
1-2: Ball
2-2: Ball
3-2: SINGLE (Line Drive, 7S)
Batting: LHB Mike Russell 0-0: Ball
1-0: Grounds into double play, 1-6-3 (Groundball, 13S)
Top of the 1st over - 0 run(s), 1 hit(s), 0 error(s), 0 left on base; Bakersfield 0 - Naperville 0
BOTTOM OF THE 1ST
Naperville Battlekings batting - Pitching for Bakersfield Nobles : RHP Raúl Pérez
Pitching: RHP Raúl Pérez
Batting: RHB Matt Love 0-0: Fly out, F3 (Popup, 3F)
Batting: SHB Daryl Lloyd 0-0: DOUBLE (Line Drive, 7LS)
Batting: RHB Jorge Baker 0-0: Ball
1-0: Ball
2-0: Foul Ball, location: 2F
2-1: Foul Ball, location: 2F
2-2: SINGLE (Flyball, 6MD)
Daryl Lloyd to third
Runner from 3rd tries for Home, SAFE, no throw or cutoff
Batting: LHB Cristo Ramírez 0-0: Fly out, F7 (Line Drive, 7S)
Batting: RHB Álex Rodríguez 0-0: Called Strike
0-1: Ground out U3 (Groundball, 3S)
Bottom of the 1st over - 1 run(s), 2 hit(s), 0 error(s), 1 left on base; Bakersfield 0 - Naperville 1
TOP OF THE 2ND
Bakersfield Nobles batting - Pitching for Naperville Battlekings : RHP Willis Parker
Batting: LHB Jorge Pérez 0-0: Ground out 1-3 (Groundball, 15)
Batting: RHB Mike Kelly 0-0: Swinging Strike
0-1: Foul Ball, location: 2F
0-2: Ball
1-2: Strikes out swinging
Batting: LHB Emery Miller 0-0: Ball
1-0: Foul Ball, location: 2F
1-1: Ground out 4-3 (Groundball, 34)
Top of the 2nd over - 0 run(s), 0 hit(s), 0 error(s), 0 left on base; Bakersfield 0 - Naperville 1
BOTTOM OF THE 2ND
Naperville Battlekings batting - Pitching for Bakersfield Nobles : RHP Raúl Pérez
Batting: LHB Joe Cashmore 0-0: Ball
1-0: Ball
2-0: Swinging Strike
2-1: Swinging Strike
2-2: Strikes out swinging
Batting: RHB Edward Payne 0-0: Swinging Strike
0-1: Called Strike
0-2: Strikes out swinging
Batting: RHB Joe Ferneyhough 0-0: Ball
1-0: Ball
2-0: Called Strike
2-1: Foul Ball, location: 2F
2-2: Strikes out swinging
Bottom of the 2nd over - 0 run(s), 0 hit(s), 0 error(s), 0 left on base; Bakersfield 0 - Naperville 1
TOP OF THE 3RD
Bakersfield Nobles batting - Pitching for Naperville Battlekings : RHP Willis Parker
Batting: SHB Stephen Dowell 0-0: Ball
1-0: Ball
2-0: DOUBLE (Groundball, 3L)
Batting: RHB Lloyd Alberink 0-0: Ball
1-0: Ground out 4-3 (Groundball, 4M)
Stephen Dowell to third
Batting: RHB Mario Blanco 0-0: Fly out, F4 (Line Drive, 4M)
Batting: RHB Jason Ruffin 0-0: Ball
1-0: Foul Ball, location: 2F
1-1: Ball
2-1: Ball
3-1: Base on Balls
Batting: RHB Arlen Joysey 0-0: Ball
1-0: Ball
2-0: Ball
3-0: Called Strike
3-1: Ground out 6-3 (Groundball, 6)
Top of the 3rd over - 0 run(s), 1 hit(s), 0 error(s), 2 left on base; Bakersfield 0 - Naperville 1
BOTTOM OF THE 3RD
Naperville Battlekings batting - Pitching for Bakersfield Nobles : RHP Raúl Pérez
Batting: LHB Alfonso Martínez 0-0: Foul Ball, location: 2F
0-1: Fly out, F9 (Flyball, 9M)
Batting: RHB Matt Love 0-0: Swinging Strike
0-1: Ground out 5-3 (Groundball, 56)
Batting: SHB Daryl Lloyd 0-0: SINGLE (Groundball, 6MD)
Batting: RHB Jorge Baker 0-0: Foul Ball, location: 2F
0-1: Fly out, F5 (Line Drive, 5D)
Bottom of the 3rd over - 0 run(s), 1 hit(s), 0 error(s), 1 left on base; Bakersfield 0 - Naperville 1
TOP OF THE 4TH
Bakersfield Nobles batting - Pitching for Naperville Battlekings : RHP Willis Parker
Batting: LHB Mike Russell 0-0: Foul Ball, location: 2F
0-1: Called Strike
0-2: Ball
1-2: Ball
2-2: Ball
3-2: SINGLE (Groundball, 34D)
Batting: LHB Jorge Pérez 0-0: Ball
1-0: Ball
2-0: Foul Ball, location: 2F
2-1: Ball
3-1: Called Strike
3-2: Fly out, F2 (Popup, 2RF)
Batting: RHB Mike Kelly 0-0: Called Strike
0-1: Called Strike
0-2: Ball
1-2: Strikes out looking
Batting: LHB Emery Miller 0-0: Ball
1-0: Ball
2-0: Foul Ball, location: 2F
2-1: Ground out U3 (Groundball, 3)
Top of the 4th over - 0 run(s), 1 hit(s), 0 error(s), 1 left on base; Bakersfield 0 - Naperville 1
BOTTOM OF THE 4TH
Naperville Battlekings batting - Pitching for Bakersfield Nobles : RHP Raúl Pérez
Batting: LHB Cristo Ramírez 0-0: Ground out 5-3 (Groundball, 56S)
Batting: RHB Álex Rodríguez 0-0: Foul Ball, location: 2F
0-1: Foul Ball, location: 2F
0-2: Ball
1-2: Ball
2-2: Foul Ball, location: 2F
2-2: Strikes out swinging
Batting: LHB Joe Cashmore 0-0: DOUBLE (Line Drive, 8LM)
Batting: RHB Edward Payne 0-0: Ball
1-0: Called Strike
1-1: Ball
2-1: Ground out 5-3 (Groundball, 56)
Bottom of the 4th over - 0 run(s), 1 hit(s), 0 error(s), 1 left on base; Bakersfield 0 - Naperville 1
TOP OF THE 5TH
Bakersfield Nobles batting - Pitching for Naperville Battlekings : RHP Willis Parker
Batting: SHB Stephen Dowell 0-0: Ball
1-0: Ball
2-0: Ball
3-0: Foul Ball, location: 2F
3-1: Ground out 4-3 (Groundball, 4M)
Batting: RHB Lloyd Alberink 0-0: Ball
1-0: Ball
2-0: Ball
3-0: Base on Balls
Batting: RHB Mario Blanco 0-0: Ball
1-0: Called Strike
1-1: Foul Ball, location: 2F
1-2: Ball
2-2: Foul Ball, location: 2F
2-2: Ball
3-2: Reached on error, E5 (Groundball, 56)
Lloyd Alberink to third
Batting: RHB Jason Ruffin 0-0: SINGLE (Groundball, 4MD)
Lloyd Alberink scores
Mario Blanco to third
Batting: RHB Arlen Joysey 0-0: Grounds into double play, 6-4-3 (Groundball, 6)
Top of the 5th over - 1 run(s), 1 hit(s), 1 error(s), 1 left on base; Bakersfield 1 - Naperville 1
BOTTOM OF THE 5TH
Naperville Battlekings batting - Pitching for Bakersfield Nobles : RHP Raúl Pérez
Batting: RHB Joe Ferneyhough 0-0: Ball
1-0: Ball
2-0: Ball
3-0: Called Strike
3-1: Called Strike
3-2: Foul Ball, location: 2F
3-2: Base on Balls
Batting: LHB Alfonso Martínez 0-0: Bunted foul
0-1: Sac Bunt - play at first, batter OUT! 1-4
Joe Ferneyhough to second
Batting: RHB Matt Love 0-0: Intentional Walk
Batting: SHB Daryl Lloyd 0-0: Called Strike
0-1: Called Strike
0-2: Ball
1-2: Foul Ball, location: 2F
1-2: Foul Ball, location: 2F
1-2: Foul Ball, location: 2F
1-2: Ball
2-2: Strikes out swinging
Batting: RHB Jorge Baker 0-0: Foul Ball, location: 2F
0-1: Foul Ball, location: 2F
0-2: Foul Ball, location: 2F
0-2: Ball
1-2: DOUBLE (Groundball, 5L)
Joe Ferneyhough scores
Matt Love to third
Batting: LHB Cristo Ramírez 0-0: Foul Ball, location: 2F
0-1: Ball
1-1: Foul Ball, location: 2F
1-2: Ball
2-2: Ball
3-2: Base on Balls
Batting: RHB Álex Rodríguez 0-0: Foul Ball, location: 2F
0-1: Ground out 4-3 (Groundball, 4)
Bottom of the 5th over - 1 run(s), 1 hit(s), 0 error(s), 3 left on base; Bakersfield 1 - Naperville 2
TOP OF THE 6TH
Bakersfield Nobles batting - Pitching for Naperville Battlekings : RHP Willis Parker
Batting: LHB Mike Russell 0-0: Ball
1-0: Ball
2-0: Called Strike
2-1: Swinging Strike
2-2: Foul Ball, location: 2F
2-2: Ball
3-2: Ground out 4-3 (Groundball, 4)
Batting: LHB Jorge Pérez 0-0: Called Strike
0-1: Swinging Strike
0-2: Ball
1-2: Foul Ball, location: 2F
1-2: Ball
2-2: Foul Ball, location: 2F
2-2: Ball
3-2: Base on Balls
Batting: RHB Mike Kelly 0-0: Called Strike
0-1: Foul Ball, location: 2F
0-2: Ball
1-2: Strikes out swinging
Batting: LHB Emery Miller 0-0: Foul Ball, location: 2F
0-1: Ball
1-1: Foul Ball, location: 2F
1-2: Ball
2-2: Ground out 4-3 (Groundball, 34)
Top of the 6th over - 0 run(s), 0 hit(s), 0 error(s), 1 left on base; Bakersfield 1 - Naperville 2
BOTTOM OF THE 6TH
Naperville Battlekings batting - Pitching for Bakersfield Nobles : RHP Raúl Pérez
Batting: LHB Joe Cashmore 0-0: SINGLE (Groundball, 34D)
Batting: RHB Edward Payne 0-0: Swinging Strike
0-1: Ball
1-1: SINGLE (Line Drive, 78S)
Joe Cashmore to second
Batting: RHB Joe Ferneyhough 0-0: Ball
1-0: Grounds out, U3 (Groundball, 3L)
Joe Cashmore to third
Batting: LHB Alfonso Martínez 0-0: Foul Ball, location: 2F
0-1: Called Strike
0-2: Ball
1-2: Strikes out swinging
Batting: RHB Matt Love 0-0: Called Strike
0-1: Ball
1-1: Ball
2-1: Ground out 6-3 (Groundball, 6M)
Bottom of the 6th over - 0 run(s), 2 hit(s), 0 error(s), 2 left on base; Bakersfield 1 - Naperville 2
TOP OF THE 7TH
Bakersfield Nobles batting - Pitching for Naperville Battlekings : RHP Willis Parker
Batting: SHB Stephen Dowell 0-0: Called Strike
0-1: Swinging Strike
0-2: Ground out 4-3 (Groundball, 4)
Batting: RHB Lloyd Alberink 0-0: SINGLE (Groundball, 6MD)
Pinch Hitting: SHB Ray Davis 0-0: Ball
1-0: Called Strike
1-1: Swinging Strike
1-2: Ball
Wild Pitch!
Lloyd Alberink to second
2-2: Ball
3-2: Fly out, F8 (Flyball, 8LD)
Runner from 2nd tags up, SAFE at 3rd, no throw
Batting: RHB Jason Ruffin 0-0: Ground out 4-3 (Groundball, 4)
Top of the 7th over - 0 run(s), 1 hit(s), 0 error(s), 1 left on base; Bakersfield 1 - Naperville 2
BOTTOM OF THE 7TH
Naperville Battlekings batting - Pitching for Bakersfield Nobles : RHP Raúl Pérez
Now at 2B: Jim Unknown
Batting: SHB Daryl Lloyd 0-0: Foul Ball, location: 2F
0-1: Foul Ball, location: 2F
0-2: Ball
1-2: Strikes out swinging
Batting: RHB Jorge Baker 0-0: Ball
1-0: Ball
2-0: Ball
3-0: Foul Ball, location: 2F
3-1: Ground out 6-3 (Groundball, 56)
Batting: LHB Cristo Ramírez 0-0: Swinging Strike
0-1: Foul Ball, location: 2F
0-2: Ball
1-2: Ball
2-2: Foul Ball, location: 2F
2-2: Ground out 1-3 (Groundball, 15)
Bottom of the 7th over - 0 run(s), 0 hit(s), 0 error(s), 0 left on base; Bakersfield 1 - Naperville 2
TOP OF THE 8TH
Bakersfield Nobles batting - Pitching for Naperville Battlekings : RHP Willis Parker
Batting: RHB Arlen Joysey 0-0: Ball
1-0: Called Strike
1-1: Ball
2-1: Ball
3-1: Base on Balls
Batting: LHB Mike Russell 0-0: Fly out, F7 (Popup, 7S)
Pitching: LHP Jason Puckett
Batting: LHB Jorge Pérez 0-0: Foul Ball, location: 2F
0-1: Ball
1-1: Fielders Choice at 2nd, 3-6 (Groundball, 34)
Pitching: RHP David Francisco
Pinch Hitting: RHB Logan Cole 0-0: Called Strike
0-1: Ball
1-1: Ball
2-1: Foul Ball, location: 2F
2-2: Ball
3-2: Base on Balls
Jorge Pérez to second
Pitching: RHP William Taylor
Batting: LHB Emery Miller 0-0: Foul Ball, location: 2F
0-1: Ball
1-1: Foul Ball, location: 2F
1-2: Ball
2-2: Ball
3-2: Fly out, F7 (Flyball, 78D)
Top of the 8th over - 0 run(s), 0 hit(s), 0 error(s), 2 left on base; Bakersfield 1 - Naperville 2
BOTTOM OF THE 8TH
Naperville Battlekings batting - Pitching for Bakersfield Nobles : RHP Raúl Pérez
Pitching: RHP Roy Robinson
Now in CF: Luis Antonio Hernández
Batting: RHB Álex Rodríguez 0-0: Called Strike
0-1: Ball
1-1: Ball
2-1: Ground out 1-3 (Groundball, 15)
Batting: LHB Joe Cashmore 0-0: Called Strike
0-1: Foul Ball, location: 2F
0-2: Ball
1-2: Ball
2-2: Foul Ball, location: 2F
2-2: Ball
3-2: Ground out 6-3 (Groundball, 6)
Batting: RHB Edward Payne 0-0: Ball
1-0: Called Strike
1-1: Foul Ball, location: 2F
1-2: Ball
2-2: Strikes out swinging
Bottom of the 8th over - 0 run(s), 0 hit(s), 0 error(s), 0 left on base; Bakersfield 1 - Naperville 2
TOP OF THE 9TH
Bakersfield Nobles batting - Pitching for Naperville Battlekings : RHP William Taylor
Pitching: RHP Ramón Elizondo
Now at 3B: Jack Mason
Batting: SHB Stephen Dowell 0-0: Called Strike
0-1: Ball
1-1: Ball
2-1: Foul Ball, location: 2F
2-2: Ball
3-2: Ground out 4-3 (Groundball, 34)
Batting: RHB Lloyd Alberink 0-0: Fly out, F3 (Popup, 3SF)
Pinch Hitting: RHB Vincente Flores 0-0: Foul Ball, location: 2F
0-1: Called Strike
0-2: Ball
1-2: SINGLE (Line Drive, 6MD)
Batting: RHB Jason Ruffin 0-0: Called Strike
0-1: Ball
1-1: Swinging Strike
1-2: Ball
2-2: Fly out, F6 (Popup, 6MD)
Top of the 9th over - 0 run(s), 1 hit(s), 0 error(s), 1 left on base; Bakersfield 1 - Naperville 2
This league is powered by Out of the Park Baseball, the baseball management simulation game for PC, Mac and Linux
Monday, October 3rd, 2016 - OOTP Baseball 16.9 Build 39